 Dungeon Crawl Stone Soup version 0.30-a0-1160-g6e42c06551 (webtiles) character file.

Game seed: 4872621394290465367

611 themarg the Caller (level 7, -5/46 HPs)
             Began as a Merfolk Summoner on Apr 26, 2023.
             Slain by Duvessa
             ... wielding a +0 rapier
              (8 damage)
             ... on level 4 of the Dungeon.
             The game lasted 00:14:28 (4612 turns).

themarg the Caller (Merfolk Summoner)               Turns: 4612, Time: 00:14:29

Health: -5/46      AC:  3    Str:  8    XL:     7   Next: 44%
Magic:  5/10       EV: 12    Int: 17    God:
Gold:   256        SH:  0    Dex: 14    Spells: 1/10 levels left

rFire   . . .        m - +0 trident
rCold   . . .        (no shield)
rNeg    . . .        a - +0 robe
rPois   .            (no helmet)
rElec   .            (no cloak)
rCorr   .            (no gloves)
SInv    .            r - +0 pair of boots
Will    .....        (no amulet)
Stlth   ++           (no ring)
HPRegen 0.27/turn    (no ring)
MPRegen 0.12/turn

%: no passive effects
@: studying Hexes
A: (nimble swimmer 2), mertail
a: no special abilities


You were on level 4 of the Dungeon.
You visited 1 branch of the dungeon, and saw 4 of its levels.

You collected 256 gold pieces.

Inventory:

Hand Weapons
 d - a +4 dagger of draining
 j - a +1 dagger of venom
 m - a +0 trident (weapon)
Missiles
 c - 32 stones
Armour
 a - a +0 robe (worn)
 e - a +0 buckler
 r - a +0 pair of boots (worn)
Wands
 s - a wand of iceblast (3)
Scrolls
 f - 2 scrolls of blinking
 h - 2 scrolls of fear {unknown}
 i - a scroll of teleportation
 k - a scroll of noise {unknown}
 l - a scroll of vulnerability {unknown}
 p - 2 scrolls of enchant armour
 q - 2 scrolls of magic mapping {unknown}
Potions
 b - a potion of magic
 g - a potion of might {unknown}
 n - a potion of lignification {unknown}
 o - 2 potions of heal wounds
 v - a potion of curing
 w - 2 potions of mutation {unknown}
 x - a potion of berserk rage {unknown}


   Skills:
 - Level 2.6 Dodging
 - Level 3.0 Stealth
 - Level 2.0 Spellcasting
 - Level 4.0 Hexes
 + Level 7.5 Summonings
 + Level 2.0 Air Magic


You had one spell level left.
You knew the following spells:

 Your Spells              Type           Power      Damage    Failure   Level
a - Summon Small Mammal   Summ           100%       N/A       1%          1
b - Call Imp              Summ           54%        N/A       1%          2
c - Call Canine Familiar  Summ           27%        N/A       2%          3
d - Summon Guardian Gole  Hex/Summ       21%        N/A       5%          3

Your spell library contained the following spells:

 Spells                   Type           Power      Damage    Failure   Level
 Summon Lightning Spire   Summ/Air       18%        N/A       26%         4


Dungeon Overview and Level Annotations

Branches:
Dungeon (4/15)
 Temple: D:4-7

Altars:
Okawaru

Shops:
D:2 (:

Annotations:
D:4 Dowan, Duvessa


Innate Abilities, Weirdness & Mutations

((You are very nimble when in or above water. (Stealth+, EV+, Speed+++)))
Your lower body shifts to a powerful aquatic tail in water.


Message History

Duvessa hits you with a +0 rapier.
Your hound bites Duvessa.
Duvessa hits you with a +0 rapier.
You barely miss Duvessa.
Duvessa is lightly wounded.
Your hound bites Duvessa but does no damage.
Duvessa hits you with a +0 rapier!
* * * LOW HITPOINT WARNING * * *
Your hound bites Duvessa.
Duvessa hits you but does no damage.
Blink to where?
Press: ? - help, Dir - move target
As you read the scroll of blinking, it crumbles to dust.
Your hound bites Duvessa but does no damage.
Your hound barely misses Duvessa.
A puff of frost appears from out of your range of vision.
The puff of frost hits your hound!
Duvessa says, "Practise, practise, practise!
One day you'll be as good as me." The puff of flame hits your hound!
Your hound dies!
Your hound's corpse disappears in a puff of smoke!
Duvessa says, "Did you see that move?
Perfect!"
Your hound barely misses Duvessa.
Your hound barely misses Duvessa.
Duvessa says, "Where magic fails, the sword succeeds!"
Aiming: Corrosive Bolt
Press: ? - help, Shift-Dir - straight line, f - Duvessa
Aim: Duvessa, wielding a +0 rapier and wearing a +0 leather armour (lightly wounded, fast, ally target, 75% to hit)
The bolt of acid hits Duvessa!
Duvessa is heavily wounded.
You hear a shout!
Your hound bites Duvessa.
Duvessa hits you with a +0 rapier!
* * * LOW HITPOINT WARNING * * *
Aiming: Corrosive Bolt
Press: ? - help, Shift-Dir - straight line, f/p - Duvessa
Aim: Duvessa, wielding a +0 rapier and wearing a +0 leather armour (severely wounded, fast, ally target, 75% to hit)
The bolt of acid hits Duvessa!
Duvessa is almost dead.
The now-empty wand crumbles to dust.
Your hound bites Duvessa but does no damage.
Duvessa hits you with a +0 rapier!
You die...

#.....## #......## ##...........
.......####.......###............
....##..##........##..........#..
#######.......................#..
# ##........###...........##..
#........## ##.###.....####.
#..##...## ##..#####...# #.
##.####..####....## #...# ##.
#..# ##.#..@..#..####..###.. #..#
#..he.####............ # ##.##
##...### #.....>.....## ####..#
##....#####....#.....##
..##..####......##...#..##....#
...........).9......##..##....##
#....##............###..##.....##
#...####....####....#...##.......
....# #....# ##.......#..#####.


You could see Duvessa (fast, ally target), a friendly guardian golem (summoned)
and a friendly hound (summoned, sheltered).

Vanquished Creatures
  A jelly (D:4)
  Terence (D:2)
  Natasha (twice) (D:4)
  An adder (D:2)
  A worm (D:2)
  A dart slug (D:1)
  A ball python (D:1)
  A giant cockroach (D:1)
  A goblin (D:3)
  5 hobgoblins
  3 quokkas
  A bat (D:3)
  3 frilled lizards
  2 kobolds (D:1)
  A rat (D:2)
25 creatures vanquished.

Vanquished Creatures (collateral kills)
  2 hounds (D:4)
  2 sleepcaps (D:4)
  4 iguanas (D:4)
  Jessica (D:3)
  Natasha (D:4)
  4 adders
  2 dart slugs (D:4)
  An orc (D:4)
  3 endoplasms (D:3)
  A giant cockroach (D:2)
  2 goblins (D:4)
  7 hobgoblins
  A quokka (D:2)
  4 ball pythons
  5 bats
  7 frilled lizards
  7 kobolds
  3 rats
57 creatures vanquished.

Vanquished Creatures (others)
  Edmund (D:4)
  2 plants (D:4)
3 creatures vanquished.

Grand Total: 85 creatures vanquished

Notes
Turn   | Place    | Note
-------+----------+-------------------------------------------
     0 | D:1      | themarg the Merfolk Summoner began the quest for the Orb.
     0 | D:1      | Reached XP level 1. HP: 13/13 MP: 3/3
   275 | D:1      | Reached XP level 2. HP: 19/19 MP: 3/5
   278 | D:1      | Learned a level 2 spell: Call Imp
   988 | D:2      | Reached XP level 3. HP: 24/24 MP: 3/6
  1286 | D:2      | Found Nonwoemie's Book Shoppe.
  1370 | D:2      | Reached skill level 5 in Summonings
  1448 | D:2      | Learned a level 3 spell: Call Canine Familiar
  1450 | D:2      | Found Ywiutzagi's Weapon Shop.
  1457 | D:2      | Found an iron altar of Okawaru.
  1479 | D:2      | Noticed Terence
  1618 | D:2      | Killed Terence
  1619 | D:2      | Reached XP level 4. HP: 28/30 MP: 7/7
  2366 | D:3      | Found a faded altar of an unknown god.
  2606 | D:3      | Noticed Jessica
  2612 | D:3      | Killed Jessica
  2613 | D:3      | Reached skill level 6 in Summonings
  2613 | D:3      | Reached XP level 5. HP: 35/35 MP: 2/8
  2683 | D:4      | Noticed Duvessa
  2683 | D:4      | Noticed Dowan
  2683 | D:4      | Noticed Natasha
  2711 | D:4      | Reached skill level 1 in Hexes
  2889 | D:4      | Reached XP level 6. HP: 41/41 MP: 9/9
  2946 | D:4      | Learned a level 3 spell: Summon Guardian Golem
  3677 | D:4      | Noticed Edmund
  3691 | D:4      | Killed Edmund
  3692 | D:4      | Reached skill level 7 in Summonings
  3692 | D:4      | Reached skill level 1 in Air Magic
  3692 | D:4      | Reached XP level 7. HP: 46/46 MP: 4/10
  3746 | D:4      | Killed Natasha
  3793 | D:4      | Noticed Natasha
  3802 | D:4      | Killed Natasha
  4008 | D:4      | Noticed Natasha
  4018 | D:4      | Killed Natasha
  4612 | D:4      | Slain by Duvessa

Illustrated notes

Levels and vault maps discovered:
D:1:      lemuel_arrival_rhombus, layout_loops_ring
D:2:      layout_rooms, serial_shops, nicolae_shop_statue_plus, shop,
          basic_altar, minmay_octomino_j4, uniq_terence
D:3:      layout_loops_ring, shapermc_ecumenical_altar_venn, uniq_jessica
D:4:      layout_layer_cave, serial_glass, glass_columns_b, glass_columns_c,
          minmay_lizard_king, uniq_duvessa, uniq_natasha, uniq_edmund

Skill      XL: |  1  2  3  4  5  6  7 |
---------------+----------------------+-----
Stealth        | 3 |  3.0
Summonings     | 5 6 7 |  7.5
Hexes          | 2 4 |  4.0
Air Magic      | 1 2 |  2.0
Dodging        | |  2.6
Spellcasting   | |  2.0

Action                     |  1- 3 |  4- 6 |  7- 9 || total
---------------------------+-------+-------+-------++-------
  Melee: Dagger            |    35 |       |       ||    35
         Trident           |    18 |    49 |    28 ||    95
   Cast: Summon Small Mamm |    46 |     1 |       ||    47
         Call Imp          |     8 |    10 |     5 ||    23
         Call Canine Famil |     2 |    19 |     8 ||    29
         Summon Guardian G |       |     4 |     4 ||     8
  Evoke: Wand              |       |       |     2 ||     2
    Use: Potion            |     1 |       |       ||     1
         Scroll            |       |     3 |     3 ||     6
   Stab: Sleeping          |     1 |     1 |       ||     2
         Distracted        |       |     1 |       ||     1
 Armour: Robe              |    10 |     3 |     5 ||    18
  Dodge: Dodged            |    32 |    22 |    12 ||    66

Table legend: (Time is in decaauts)
 A = Elapsed time spent in this place.
 B = Non-inter-level travel time spent in this place.
 C = Inter-level travel time spent in this place.
 D = Time resting spent in this place.
 E = Time spent auto-exploring this place.
 F = Levels seen in this place.
 G = Mean time per level.
                   A        B        C        D        E       F      G
               +--------+--------+--------+--------+--------+-----+--------+
         Total |   4653 |   4486 |    167 |    400 |   3113 |   4 | 1163.2 |
       Dungeon |   4653 |   4486 |    167 |    400 |   3113 |   4 | 1163.2 |
               +--------+--------+--------+--------+--------+-----+--------+

Top non-repeatable levels by time:
     D:4: 1662 daAuts
     D:3: 1180 daAuts
     D:1: 1004 daAuts
     D:2: 806 daAuts
